 Dungeon Crawl Stone Soup version 0.23.0-3-gf3c87f2df8 (webtiles) character file.

Game seed: 4591872403691961756

182 Ivernyr the Changer (level 5, 0/25 HPs)
             Began as a Vine Stalker Transmuter on Feb 21, 2019.
             Slain by an adder (2 damage)
             ... in a sewer on Feb 22, 2019.
             The game lasted 00:16:12 (2982 turns).

Ivernyr the Changer (Vine Stalker Transmuter)       Turns: 2982, Time: 00:16:13

Health: 0/25       AC:  2    Str: 12    XL:     5   Next: 61%
Magic:  0/19       EV: 12    Int: 14    God:
Gold:   123        SH:  0    Dex: 15    Spells: 4/10 levels left

rFire    . . .     SeeInvis .     - Unarmed
rCold    . . .     Gourm    .   (no shield)
rNeg     . . .     Faith    .   b - +0 robe
rPois    .         Spirit   +   (no helmet)
rElec    .         Reflect  .   (no cloak)
rCorr    .         Harm     .   (no gloves)
MR       .....                  (no boots)
Stlth    +.........             (no amulet)
HPRegen  0.48/turn              h - ring of flight
MPRegen  0.16/turn              i - ring of magical power

@: very slightly contaminated, heavily drained
A: fangs 2, regeneration 1, magic shield, antimagic bite, no potion heal 3, rot
immunity
a: Evoke Flight


You were in a sewer.
You were not hungry.

You visited 1 branch of the dungeon, and saw 3 of its levels.
You also visited: Sewer.

You collected 123 gold pieces.

Inventory:

Missiles
 a - 66 arrows
Armour
 b - a +0 robe (worn)
Jewellery
 h - a ring of flight (left hand)
 i - a ring of magical power (right hand)
Wands
 p - a wand of paralysis (3)
Scrolls
 c - a scroll of noise {unknown}
 j - 4 scrolls of identify {unknown}
 k - a scroll of magic mapping {unknown}
 l - a scroll of remove curse {unknown}
 n - a scroll of fear {unknown}
 o - 2 scrolls of teleportation {unknown}
 q - a scroll of blinking {unknown}
Potions
 e - a potion of cancellation {unknown}
 f - a potion of mutation {unknown}
 g - a potion of ambrosia {unknown}
 m - a potion of curing
 r - a potion of flight {unknown}
 s - a potion of agility {unknown}
Comestibles
 d - 5 rations


   Skills:
 - Level 1.6(0.2) Fighting
 + Level 2.3(1.0) Dodging
 + Level 3.4(2.0) Unarmed Combat
 + Level 3.2(1.8) Spellcasting
 * Level 3.9(2.4) Transmutations


You had 4 spell levels left.
You knew the following spells:

 Your Spells              Type           Power        Failure   Level  Hunger
a - Beastly Appendage     Tmut           #.....       9%          1    ##.....
b - Sticks to Snakes      Tmut           #.......     13%         2    ###....
c - Spider Form           Tmut/Pois      #.........   41%         3    ####...

Your spell library contained the following spells:

 Spells                   Type           Power        Failure   Level  Hunger
 Ice Form                 Ice/Tmut       #.......     82%         4    #####..
 Blade Hands              Tmut           #.........   94%         5    ######.


Dungeon Overview and Level Annotations

Branches:
Dungeon (3/15)

Altars:


Innate Abilities, Weirdness & Mutations

You have extremely sharp teeth.
Your natural rate of healing is unusually fast.
When hurt, damage is shared between your health and your magic reserves.
Your bite disrupts and absorbs the magic of your enemies.
Potions cannot restore your health.
You are immune to rotting.


Message History

Confirm with . or Enter, or press ? or * to list all spells.
You miscast Spider Form.
Your vision is briefly tinged with green.
You feel sick. The adder bites you.
* * * LOW HITPOINT WARNING * * *
The kobold barely misses you. The kobold hits you but does no damage.
The kobold barely misses you. The adder barely misses you.
You barely miss the adder. Your bite misses the adder.
You feel sick. The kobold hits you but does no damage. The adder misses you.
The adder closely misses you.
You hit the adder.
The adder is lightly wounded.
The adder bites you.
* * * LOW HITPOINT WARNING * * *
The kobold barely misses you. The adder misses you.
It was a potion of curing.
Your system rejects the healing.
You feel better.
The adder misses you. x2; The kobold hits you with a +0 whip.
The adder bites you.
You die...

≈≈≈≈≈≈......#
≈≈≈≈≈≈≈....##
≈≈≈≈≈≈....##
≈≈≈≈≈≈....#
≈≈≈≈≈≈....##
≈≈≈≈≈≈≈....#
≈≈≈≈≈≈.....#
≈≈≈≈≈≈≈S..##
≈≈≈≈≈≈.S@.#
≈#≈####K###
#..K..#
#.....#
##...## .....
#!.#.)# ###
### ≈≈≈ ≈≈≈


You could see 2 adders and 2 kobolds.

Vanquished Creatures
  Ijyb (D:3)
  4 gnolls (D:2)
  4 adders
  2 river rats (D:3)
  An ooze (D:2)
  A worm (D:3)
  A dart slug (D:2)
  2 leopard geckos
  3 orcs (D:3)
  2 giant cockroaches
  8 goblins
  4 hobgoblins
  7 kobolds
  A quokka (D:2)
  A ball python (D:2)
  4 bats
  A frilled lizard (D:3)
  16 rats
63 creatures vanquished.

Notes
Turn   | Place    | Note
-------+----------+-------------------------------------------
     0 | D:1      | Ivernyr the Vine Stalker Transmuter began the quest for the
                  | Orb.
     0 | D:1      | Reached XP level 1. HP: 9/9 MP: 4/4
   118 | D:1      | Reached skill level 1 in Fighting
   408 | D:1      | Reached XP level 2. HP: 14/14 MP: 6/6
  1147 | D:1      | Reached XP level 3. HP: 18/18 MP: 7/7
  1723 | D:2      | Gained mutation: Your natural rate of healing is unusually
                  | fast. [Vine Stalker growth]
  1723 | D:2      | Reached XP level 4. HP: 13/22 MP: 9/9
  2204 | D:3      | Learned a level 2 spell: Sticks to Snakes
  2208 | D:3      | Learned a level 3 spell: Spider Form
  2414 | D:3      | Noticed Ijyb
  2423 | D:3      | Paralysed by Ijyb for 4 turns
  2429 | D:3      | Killed Ijyb
  2429 | D:3      | Reached XP level 5. HP: 25/25 MP: 10/10
  2813 | D:3      | Found a glowing drain.
  2819 | Sewer    | Entered a sewer
  2982 | Sewer    | Slain by an adder

Skill      XL: |  1  2  3  4 |
---------------+-------------+-----
Fighting       | 1 |  1.6
Dodging        | 2 |  2.3
Transmutations | 3 |  3.9
Spellcasting   | 3 |  3.2
Unarmed Combat | |  3.4

Action                   |  1- 3 |  4- 6 || total
-------------------------+-------+-------++-------
Melee: Unarmed           |   104 |   145 ||   249
       Bite              |    32 |    20 ||    52
       Headbutt          |     6 |     1 ||     7
       Kick              |     1 |     4 ||     5
       Punch             |     1 |     1 ||     2
 Cast: Beastly Appendage |     7 |     5 ||    12
       Spider Form       |       |     5 ||     5
  Use: Potion            |       |     1 ||     1
 Stab: Sleeping          |     3 |     1 ||     4
  Eat: Chunk             |     2 |     6 ||     8
Armor: Robe              |    10 |    18 ||    28
       Skin              |       |     2 ||     2
Dodge: Dodged            |    59 |   102 ||   161
